Map: Zen LE

Players

Playaction

  • Race: Zerg Zerg
  • League: Platinum
  • Spawn Location: 1:00

Afterthought - Winner!

  • Race: Terran Terran
  • League: Gold
  • Spawn Location: 7:00

VOD

Have the link to the VOD?

Description

Time

  • Played on: Jan. 24, 2020, 3:56 a.m.
  • Length: 5:07
Show
View Real Time Build Order
Export as new Build Order

Playaction Zerg 

Build Orders: Hatch First 

Get SALT Encoding   

  12  0:01  Drone  
  13  0:10  Drone  
  14  0:16  Overlord  
  14  0:26  Extractor  
  14  0:27  Drone  
  15  0:36  Drone x2  
  17  0:54  Hatchery  
  16  1:02  Drone x2  
  18  1:07  Extractor  
  17  1:18  Spawning Pool  
  16  1:22  Drone  
  16  1:25  Drone  
  18  1:38  Drone  
  20  1:40  Drone  
  20  1:49  Overlord  
  20  2:09  Queen x2  
  20  2:12  Overlord  
  20  2:14  Zergling x2  
  20  2:15  Zergling x2  
  26  2:23  Metabolic Boost  
  26  2:27  Drone x2  
  28  2:55  Queen  
  28  2:57  Drone  
  31  2:59  Drone  
  31  3:02  Drone  
  33  3:08  Hatchery  
  32  3:15  Drone x4  
  32  3:17  Overlord  
  36  3:28  Zergling x8  
  40  3:45  Overlord  
  40  3:46  Overlord  
  40  3:51  Drone x3  
  40  3:52  Drone  
  40  3:54  Drone x3  
  47  3:57  Extractor  
  47  3:58  Extractor  
  45  4:02  Baneling Nest  
  45  4:03  Drone x2  
  45  4:09  Evolution Chamber  
  45  4:21  Drone x2  
  45  4:22  Drone x3  
  39  4:46  Zergling x16  
Show
View Real Time Build Order
Export as new Build Order

Afterthought Terran - Winner!

Build Orders: 2 Factory, Hellion Opening 

Get SALT Encoding   

  12  0:01  SCV  
  13  0:13  SCV  
  14  0:17  Supply Depot  
  14  0:25  SCV  
  15  0:39  SCV  
  15  0:41  Barracks  
  16  0:47  Refinery  
  16  0:51  SCV  
  17  0:58  Refinery  
  17  1:03  SCV  
  18  1:09  Refinery  
  18  1:15  SCV  
  19  1:27  Marine  
  20  1:39  Orbital Command  
  20  1:50  Supply Depot  
  20  1:56  Barracks Tech Lab  
  20  2:02  Factory  
  20  2:15  SCV  
  21  2:24  Factory  
  21  2:38  SCV  
  22  2:50  Command Center  
  22  2:54  Hellion  
  22  2:55  Infernal Pre-Igniter  
  22  2:57  Armory  
  24  3:05  Barracks Reactor  
  24  3:11  Hellion  
  26  3:19  Hellion  
  28  3:20  Supply Depot  
  28  3:23  SCV  
  29  3:40  Hellion  
  31  3:50  Hellion x2  
  31  3:55  Supply Depot  
  35  3:57  SCV  
  36  4:03  Hellion  
  42  4:17  Hellion x2  
  42  4:25  Siege Tank  
Tags
 
Add a new tag
Caveats
  • Supply blocks, unpowered buildings, or Contaminate may cause inaccurate times.
  • Supply counts are checked every 10 seconds.